 Dungeon Crawl Stone Soup version 0.30-a0-860-g512cf1e979 (webtiles) character file.

Game seed: 2849653040849967736

92 Ge0ff the Firebug (level 4, -5/42 HPs)
             Began as a Naga Cinder Acolyte on Mar 8, 2023.
             Was a High Priest of Ignis.
             Succumbed to an orc warrior's poison
             ... on level 4 of the Dungeon.
             The game lasted 00:04:09 (2438 turns).

Ge0ff the Firebug (Naga Cinder Acolyte)             Turns: 2438, Time: 00:04:10

Health: -5/42      AC:  2    Str: 16    XL:     4   Next: 60%
Magic:  0/6        EV:  9    Int: 17    God:    Ignis [*****.]
Gold:   97         SH:  0    Dex:  6    Spells: 4/6 levels left

rFire   + . .      SeeInvis +    a - staff of cold
rCold   + . .      Faith    .    (no shield)
rNeg    . . .      Spirit   .    b - +0 robe
rPois   +          Reflect  .    (no helmet)
rElec   .          Rampage  .    (no cloak)
rCorr   .                        (no gloves)
Will    .....                    (no barding)
Stlth   ++                       (no amulet)
HPRegen 0.27/turn                (no ring)
MPRegen 0.10/turn                (no ring)

@: lethally poisoned (-5 -> -30), very slow
A: AC +1, large, see invisible, deformed body, poison resistance, slowness 2,
spit poison 1, naga tail 1
a: Spit Poison, Renounce Religion, Fiery Armour, Foxfire Swarm, Rising Flame


You were on level 4 of the Dungeon.
You worshipped Ignis.
Ignis was extremely pleased with you.
You visited 1 branch of the dungeon, and saw 4 of its levels.

You collected 97 gold pieces.

Inventory:

Hand Weapons
 e - a -1 spear of flaming
Missiles
 g - a throwing net {=F}
 i - 3 atropa-tipped darts
Armour
 b - a +0 robe (worn)
 p - a +2 scale mail of poison resistance
Magical Staves
 a - a staff of cold (weapon)
Scrolls
 c - a scroll of magic mapping {unknown}
 d - 2 scrolls of identify {unknown}
 h - a scroll of blinking {unknown}
 j - a scroll of vulnerability {unknown}
 k - a scroll of fog {unknown}
 l - a scroll of enchant weapon {unknown}
 n - a scroll of teleportation {unknown}
Potions
 m - a potion of heal wounds {unknown}
 o - a potion of degeneration {unknown}


   Skills:
 - Level 3.0 Fighting
 - Level 3.0 Polearms
 - Level 3.0 Stealth
 + Level 1.9 Spellcasting
 + Level 3.9 Fire Magic
 + Level 1.6 Ice Magic


You had 4 spell levels left.
You knew the following spells:

 Your Spells              Type           Power      Damage    Failure   Level
C - Scorch                Fire           28%        2d6       6%          2

Your spell library contained the following spells:

 Spells                   Type           Power      Damage    Failure   Level
 Freeze                   Ice            40%        1d6       10%         1
 Frozen Ramparts          Ice            20%        1d4       30%         3
 Hailstorm                Conj/Ice       6%         3d4       38%         3


Dungeon Overview and Level Annotations

Branches:
Dungeon (4/15) Zot: 20828
 Temple: D:4-7

Altars:
Hepliaklqana
Uskayaw


Innate Abilities, Weirdness & Mutations

Your serpentine skin is tough. (AC +1)
You have supernaturally acute eyesight. (SInv)
Armour fits poorly on your strangely shaped body.
Your system is resistant to poisons. (rPois)
You cover ground very slowly.
You can spit poison.
You have a snake-like lower body.


Message History

Confirm with . or Enter, or press ? or * to list all spells.
Flames lash the orc warrior.
The orc warrior is moderately wounded.
The orc warrior's fire resistance burns away.
You hear a shout!
Casting: Scorch (safe; 6% risk of failure)
Confirm with . or Enter, or press ? or * to list all spells.
Flames lash the orc warrior.
The orc warrior is burned terribly!
The orc warrior is moderately wounded.
Casting: Scorch (safe; 6% risk of failure)
Confirm with . or Enter, or press ? or * to list all spells.
Flames lash the orc warrior.
The orc warrior is burned terribly!
The orc warrior is heavily wounded.
The orc warrior hits you with a +0 short sword of venom!
You are poisoned.
It was a potion of magic.
Magic courses through your body.
You have got your breath back.
You feel very sick. The orc warrior completely misses you.
Use which ability? (? or * to list)
Aiming: Spit Poison (1% risk of failure)
Press: ? - help, Shift-Dir - straight line, f/p - orc warrior
Aim: an orc warrior, wielding a +0 short sword of venom and wearing a +0 plate armour (heavily wounded, more vulnerable to fire, 59% to hit)
The splash of poison hits the orc warrior.
The orc warrior is poisoned.
The orc warrior is heavily wounded.
You feel very sick.
The orc warrior hits you with a +0 short sword of venom!
You are lethally poisoned!
Casting: Scorch (safe; 6% risk of failure)
Confirm with . or Enter, or press ? or * to list all spells.
Flames lash the orc warrior but do no damage.
You feel very sick.
The orc warrior hits you with a +0 short sword of venom.
* * * LOW HITPOINT WARNING * * *
You are more poisoned.
Casting: Scorch (safe; 6% risk of failure)
Confirm with . or Enter, or press ? or * to list all spells.
Flames lash the orc warrior.
The orc warrior is burned terribly!
The orc warrior is severely wounded.
You have got your breath back.
* * * LOW HITPOINT WARNING * * *
You feel extremely sick.
The orc warrior hits you with a +0 short sword of venom.
* * * LOW HITPOINT WARNING * * *
Casting: Scorch (safe; 6% risk of failure)
Confirm with . or Enter, or press ? or * to list all spells.
Flames lash the orc warrior.
The orc warrior is burned terribly!
The orc warrior is almost dead.
You die...

........##
#.)#####.#
##.......#
#o#######
#o# #.#
#o#
#o#######
#.@.....#
#######.#
#<...##.#
####.##.#
#....#
######


You could see an orc warrior (poisoned, combustible) and 3 orcs.

Vanquished Creatures
  4 gnolls (D:3)
  An adder (D:2)
  2 dart slugs
  An orc (D:4)
  3 endoplasms
  6 giant cockroaches
  A goblin (D:2)
  3 hobgoblins
  2 quokkas
  A ball python (D:3)
  4 bats
  4 frilled lizards
  6 kobolds
  4 rats
42 creatures vanquished.

Vanquished Creatures (others)
  14 foxfires (D:3)
14 creatures vanquished.

Grand Total: 56 creatures vanquished

Notes
Turn   | Place    | Note
-------+----------+-------------------------------------------
     0 | D:1      | Ge0ff the Naga Cinder Acolyte began the quest for the Orb.
     0 | D:1      | Reached XP level 1. HP: 21/21 MP: 2/2
   177 | D:1      | Reached skill level 1 in Stealth
   370 | D:1      | Reached XP level 2. HP: 21/28 MP: 3/3
   411 | D:1      | Learned a level 2 spell: Scorch
   475 | D:1      | Found a faded altar of an unknown god.
  1316 | D:2      | Reached XP level 3. HP: 32/34 MP: 1/5
  1914 | D:3      | Reached skill level 1 in Ice Magic
  2069 | D:3      | Found a hide-covered altar of Uskayaw.
  2073 | D:3      | Found a hazy altar of Hepliaklqana.
  2282 | D:3      | Reached XP level 4. HP: 28/42 MP: 4/6
  2418 | D:4      | Noticed an orc warrior
  2437 | D:4      | HP: 2/42 [poisoned by an orc warrior]
  2438 | D:4      | Succumbed to an orc warrior's poison

Illustrated notes

Levels and vault maps discovered:
D:1:      evilmike_arrival_plus, layout_loops_corners,
          hellmonk_ecumenical_altar_run_dry
D:2:      layout_basic, skrybe_limestone_x, amcnicky_mini_corridor_feature
D:3:      layout_basic, minitemple, kennysheep_flooded_box
D:4:      layout_basic, mainiacjoe_overflow_six_doors_small,
          minmay_strange_pillars, roderic_serpentine_path

Skill      XL: |  1  2  3  4 |
---------------+-------------+-----
Stealth        | 1 2 3 |  3.0
Ice Magic      | 1 |  1.6
Fighting       | |  3.0
Polearms       | |  3.0
Spellcasting   | |  1.9
Fire Magic     | |  3.9

Action                     |  1- 3 |  4- 6 || total
---------------------------+-------+-------++-------
  Melee: Spear             |    10 |       ||    10
         Staff             |    11 |       ||    11
   Cast: Scorch            |    18 |     9 ||    27
 Invoke: Foxfire Swarm     |     1 |       ||     1
Ability: Spit Poison       |    27 |     4 ||    31
    Use: Potion            |       |     1 ||     1
 Armour: Robe              |     3 |       ||     3
  Dodge: Dodged            |    13 |     1 ||    14

Table legend: (Time is in decaauts)
 A = Elapsed time spent in this place.
 B = Non-inter-level travel time spent in this place.
 C = Inter-level travel time spent in this place.
 D = Time resting spent in this place.
 E = Time spent auto-exploring this place.
 F = Levels seen in this place.
 G = Mean time per level.
                   A        B        C        D        E       F      G
               +--------+--------+--------+--------+--------+-----+--------+
         Total |   3171 |   3026 |    145 |      0 |   2715 |   4 |  792.8 |
       Dungeon |   3171 |   3026 |    145 |      0 |   2715 |   4 |  792.8 |
               +--------+--------+--------+--------+--------+-----+--------+

Top non-repeatable levels by time:
     D:2: 1133 daAuts
     D:1: 1056 daAuts
     D:3: 903 daAuts
     D:4: 78 daAuts
